 Dungeon Crawl Stone Soup version 0.24.0-123-gd5b16e6ec5 (webtiles) character file.

Game seed: 7805631453465651597, levelgen mode: deterministic

592 FishyPogo the Ducker (level 7, -1/42 HPs)
             Began as a Deep Elf Venom Mage on Jan 1, 2020.
             Was an Initiate of Sif Muna.
             Slain by a wyvern zombie (2 damage)
             ... on level 6 of the Dungeon.
             The game lasted 00:14:49 (3524 turns).

FishyPogo the Ducker (Deep Elf Venom Mage)          Turns: 3524, Time: 00:14:50

Health: -1/42      AC:  5    Str:  5    XL:     7   Next: 16%
Magic:  12/14      EV: 14    Int: 22    God:    Sif Muna [......]
Gold:   254        SH:  2    Dex: 15    Spells: 3/13 levels left

rFire    . . .     SeeInvis .   q - +4 flail (holy)
rCold    . . .     Gourm    .   (no shield)
rNeg     . . .     Faith    .   x - +0 leather armour
rPois    .         Spirit   .   (no helmet)
rElec    .         Reflect  +   n - +0 cloak
rCorr    .         Harm     .   (no gloves)
MR       .....                  s - +0 pair of boots
Stlth    +.........             k - +2 amulet of reflection
HPRegen  0.14/turn              d - ring of attention (curse)
MPRegen  0.14/turn              t - ring of flight

@: no status effects
A: no striking features
a: Renounce Religion, Evoke Flight


You were on level 6 of the Dungeon.
You worshipped Sif Muna.
Sif Muna was noncommittal.
You were not hungry.

You visited 2 branches of the dungeon, and saw 7 of its levels.

You collected 254 gold pieces.

Inventory:

Hand Weapons
 a - a +0 short sword
 q - a +4 flail of holy wrath (weapon)
Missiles
 b - 6 javelins
 f - 2 throwing nets
 h - 146 stones (quivered)
 v - 8 boomerangs
Armour
 n - a +0 cloak (worn)
 s - a +0 pair of boots (worn)
 u - a +0 pair of gloves
 x - a +0 leather armour (worn)
Jewellery
 d - a cursed ring of attention (left hand)
 k - a +2 amulet of reflection (around neck)
 t - a ring of flight (right hand)
Scrolls
 e - 4 scrolls of identify
 m - a scroll of fog
 p - a scroll of amnesia
Potions
 g - 2 potions of cancellation
 i - 3 potions of lignification
 l - 2 potions of might {unknown}
 o - a potion of degeneration {unknown}
 r - a potion of haste {unknown}
 w - a potion of magic {unknown}
Comestibles
 c - 10 rations
 j - 7 chunks of flesh


   Skills:
 * Level 3.7 Fighting
 + Level 1.7 Armour
 - Level 6.0 Dodging
 - Level 3.0 Stealth
 * Level 3.9 Spellcasting
 + Level 1.6 Conjurations
 + Level 3.5 Poison Magic


You had 3 spell levels left.
You knew the following spells:

 Your Spells              Type           Power        Failure   Level  Hunger
a - Sting                 Conj/Pois      ###.         6%          1    None
b - Poisonous Vapours     Pois/Air       ##....       13%         2    #......
c - Mephitic Cloud        Conj/Pois/Air  ##......     26%         3    ###....
d - Olgreb's Toxic Radia  Pois           ###.....     38%         4    ####...

Your spell library contained the following spells:

 Spells                   Type           Power        Failure   Level  Hunger
 Venom Bolt               Conj/Pois      ###.......   86%         5    ######.


Dungeon Overview and Level Annotations

Branches:
Dungeon (6/15)             Temple (1/1) D:5

Altars:
Ashenzari
Elyvilon
Fedhas
Hepliaklqana
Kikubaaqudgha
Nemelex Xobeh
Okawaru
Qazlal
Ru
Sif Muna
Uskayaw
Vehumet
Wu Jian
Xom
Yredelemnul
Zin
The Shining One

Shops:
D:4 !   D:6 :

Annotations:
D:3 Grinder
D:4 1 runed translucent door, 4 exclusions, Ijyb; SeriousMike's ghost, amateur HuFi


Message History

The wyvern zombie barely misses you. x2
You hit the wyvern zombie.
The wyvern zombie convulses.
The wyvern zombie is moderately damaged.
The wyvern zombie bites you but does no damage.
You block the wyvern zombie's attack.
You sock the wyvern zombie!
The wyvern zombie convulses.
The wyvern zombie is severely damaged.
The wyvern zombie bites you but does no damage.
The wyvern zombie misses you.
You hit the wyvern zombie.
The wyvern zombie convulses.
The wyvern zombie is severely damaged.
The wyvern zombie bites you! x2
You hit the wyvern zombie but do no damage.
The wyvern zombie is severely damaged.
The wyvern zombie barely misses you. The wyvern zombie bites you!
* * * LOW HITPOINT WARNING * * *
Your leather armour prevents you from hitting the wyvern zombie.
The wyvern zombie is severely damaged.
The wyvern zombie misses you. The wyvern zombie bites you.
You die...

#!# #.#
#.# #.#
#.# #.#
#Z#
#@#######
#.......#
#####.#.#
#..∩..#
#.#.###
#...#
##.## #.#
#.#


You could see a wyvern zombie.

Vanquished Creatures
  A centaur (D:4)
  A scorpion (D:5)
  A centaur zombie (D:6)
  2 orc wizards
  A bullfrog skeleton (D:6)
  A gnoll shaman (D:4)
  5 worker ants
  5 adders
  8 gnolls
  A shadow imp (D:5)
  2 oozes
  2 dart slugs
  3 leopard geckos
  9 orcs
  2 giant cockroaches (D:4)
  3 goblins (D:1)
  4 hobgoblins
  12 jackals (D:4)
  A quokka (D:2)
  A ball python (D:3)
  3 bats
  A frilled lizard (D:2)
  A giant cockroach zombie (D:5)
  4 kobolds (D:1)
  A rat (D:1)
75 creatures vanquished.

Notes
Turn   | Place    | Note
-------+----------+-------------------------------------------
     0 | D:1      | FishyPogo the Deep Elf Venom Mage began the quest for the
                  | Orb.
     0 | D:1      | Reached XP level 1. HP: 10/10 MP: 6/6
   190 | D:1      | Reached XP level 2. HP: 16/16 MP: 4/8
   198 | D:1      | Learned a level 2 spell: Poisonous Vapours
   335 | D:1      | Reached skill level 3 in Dodging
   341 | D:1      | Reached skill level 1 in Fighting
   645 | D:2      | Reached XP level 3. HP: 20/20 MP: 2/9
   792 | D:3      | Reached skill level 4 in Dodging
   792 | D:3      | Reached XP level 4. HP: 26/26 MP: 0/10
   799 | D:3      | Noticed Grinder
   891 | D:2      | HP: 1/26 [gnoll/cursed -3 flail (11)]
  1845 | D:4      | Reached XP level 5. HP: 24/31 MP: 4/11
  1850 | D:4      | Learned a level 3 spell: Mephitic Cloud
  1855 | D:4      | Learned a level 4 spell: Olgreb's Toxic Radiance
  1956 | D:4      | Noticed a centaur
  1973 | D:4      | Reached skill level 5 in Dodging
  2021 | D:4      | Killed a centaur
  2021 | D:4      | Reached XP level 6. HP: 29/37 MP: 0/12
  2233 | D:4      | Reached skill level 1 in Armour
  2262 | D:4      | Found Dyl Niun's Distillery.
  2383 | D:4      | Noticed Ijyb
  2625 | D:4      | Found a runed translucent door.
  2625 | D:4      | Noticed SeriousMike's ghost (amateur HuFi)
  2698 | D:5      | Entered Level 5 of the Dungeon
  2710 | D:5      | Found a staircase to the Ecumenical Temple.
  2719 | Temple   | Entered the Ecumenical Temple
  2750 | Temple   | Became a worshipper of Sif Muna the Loreminder
  3091 | D:5      | Found a glowing golden altar of the Shining One.
  3412 | D:6      | Reached XP level 7. HP: 28/41 MP: 7/14
  3416 | D:6      | Reached skill level 6 in Dodging
  3504 | D:6      | Found Kerit's Book Shoppe.
  3523 | D:6      | HP: 1/42 [wyvern zombie (13)]
  3524 | D:6      | Slain by a wyvern zombie

Levels and vault maps discovered:
D:1:      minmay_arrival_plants_in_alcoves, layout_rooms,
          chequers_serial_rivers_micro_c
D:2:      layout_basic
D:3:      layout_rooms, kennysheep_generic_room_16, uniq_grinder
D:4:      lemuel_castle_with_subvaults [lemuel_castle_interior_carwin_3],
          layout_basic, gammafunk_ghost_grave, serial_shops,
          kennysheep_mini_moat, kennysheep_generic_room_5, uniq_ijyb
D:5:      layout_loops_cross, tso_oasis_becter, minmay_temple_entry_wispy,
          first_ration
D:6:      layout_loops_ring, serial_shops, nicolae_shop_crystal,
          gup_sewer_entry_pipe, uniq_menkaure
Temple:   regret_index_temple_sphere_string

Skill      XL: |  1  2  3  4  5  6  7 |
---------------+----------------------+-----
Stealth        | 3 |  3.0
Dodging        | 3 4 5 6 |  6.0
Fighting       | 1 2 3 |  3.7
Armour         | 1 |  1.7
Spellcasting   | |  3.9
Conjurations   | |  1.6
Poison Magic   | |  3.5

Action                   |  1- 3 |  4- 6 |  7- 9 || total
-------------------------+-------+-------+-------++-------
Melee: Unarmed           |    10 |     8 |       ||    18
       Flail             |       |    40 |    18 ||    58
       Short sword       |       |    11 |       ||    11
 Cast: Sting             |    46 |    93 |    11 ||   150
       Poisonous Vapours |     3 |    10 |       ||    13
       Mephitic Cloud    |       |     3 |       ||     3
  Use: Potion            |       |     3 |       ||     3
       Scroll            |       |     6 |       ||     6
 Stab: Confused          |       |     1 |       ||     1
  Eat: Chunk             |       |     8 |     1 ||     9
Armor: Robe              |     2 |     8 |       ||    10
       Skin              |       |    21 |       ||    21
       Leather armour    |       |     4 |     3 ||     7
Dodge: Dodged            |     9 |    60 |    16 ||    85
Block: Other             |       |     4 |     1 ||     5
